 Dungeon Crawl Stone Soup version 0.21-a0-78-g82a99e0 (webtiles) character file.

1507 Spazmo the Thaumaturge (level 8, -1/41 HPs)
             Began as a Deep Elf Conjurer on June 21, 2017.
             Was an Initiate of Vehumet.
             Slain by Joseph
             ... wielding a +1 antimagic quarterstaff
              (14 damage)
             ... on level 7 of the Dungeon.
             The game lasted 00:21:21 (4839 turns).

Spazmo the Thaumaturge (Deep Elf Conjurer)          Turns: 4839, Time: 00:21:21

Health: -1/41      AC:  6    Str:  7    XL:     8   Next: 53%
Magic:  16/33      EV: 12    Int: 25    God:    Vehumet [......]
Gold:   281        SH:  3    Dex: 15    Spells: 16/27 levels left

rFire    . . .     SeeInvis .   D - +8 trident of Execution {pierce, MR+++}
rCold    . . .     Gourm    .   E - +0 buckler
rNeg     + . .     Faith    .   a - +1 robe
rPois    .         Spirit   .   C - +0 helmet
rElec    .         Reflect  .   (no cloak)
rCorr    .         Harm     .   (no gloves)
MR       +++..                  (no boots)
Stlth    ++........             (no amulet)
HPRegen  0.13/turn              p - ring of positive energy
MPRegen  0.23/turn              u - ring of magical power

@: no status effects
A: yellow scales 1, clever 1, strong 1
a: Renounce Religion


You were on level 7 of the Dungeon.
You worshipped Vehumet.
Vehumet was noncommittal.
You were not hungry.

You visited 2 branches of the dungeon, and saw 8 of its levels.

You collected 281 gold pieces.

Inventory:

Hand Weapons
 i - a +3 dagger of venom
 D - the +8 trident of Execution (weapon) {pierce, MR+++}
   (You found it on level 7 of the Dungeon)

   It inflicts extra damage upon your enemies.
   It affects your resistance to hostile enchantments.
Missiles
 l - 305 stones (quivered)
Armour
 a - a +1 robe (worn)
 C - a +0 helmet (worn)
 E - a +0 buckler (worn)
Jewellery
 j - an uncursed ring of resist corrosion
 p - a ring of positive energy (left hand)
 u - a ring of magical power (right hand)
Wands
 o - a wand of confusion (34/48)
Scrolls
 e - 8 scrolls of identify
 n - 3 scrolls of teleportation
 w - 2 scrolls of recharging
Potions
 d - a potion of berserk rage {unknown}
 g - a potion of agility {unknown}
 h - a potion of degeneration {unknown}
 k - a potion of invisibility {unknown}
 m - a potion of haste {unknown}
 q - a potion of curing
 s - a potion of might {unknown}
 v - a potion of mutation
 x - a potion of resistance {unknown}
 A - a potion of heal wounds {unknown}
 B - a potion of brilliance
Books
 b - a book of Conjurations

   Spells                             Type                      Level
   a - Magic Dart                     Conjuration                  1
   b - Searing Ray                    Conjuration                  2
   c - Dazzling Spray                 Conjuration/Hexes            3
   d - Fulminant Prism                Conjuration/Hexes            4
   e - Force Lance                    Conjuration/Translocation    4
   f - Iskenderun's Mystic Blast      Conjuration                  4
 y - a book of Misfortune

   Spells                             Type                      Level
   a - Confusing Touch                Hexes                        1
   b - Confuse                        Hexes                        3
   c - Gell's Gravitas                Translocation                3
   d - Petrify                        Transmutation/Earth          4
   e - Metabolic Englaciation         Hexes/Ice                    5
   f - Yara's Violent Unravelling     Hexes/Transmutation          5
Comestibles
 c - 3 bread rations
 f - 2 royal jellies
 r - 6 fruits
 t - 4 meat rations
 z - a chunk of flesh


   Skills:
 + Level 0.0 Fighting
 - Level 2.4 Dodging
 - Level 2.4 Stealth
 + Level 0.0 Shields
 - Level 10.2 Spellcasting
 + Level 9.4 Conjurations


You had 16 spell levels left.
You knew the following spells:

 Your Spells              Type           Power        Failure   Level  Hunger
a - Magic Dart            Conj           ####         1%          1    None
b - Searing Ray           Conj           ######       1%          2    None
c - Force Lance           Conj/Tloc      #####...     12%         4    None
d - Iskenderun's Mystic   Conj           ######..     1%          4    None


Dungeon Overview and Level Annotations

Branches:
Dungeon (7/15)             Temple (1/1) D:6

Altars:
Elyvilon
Fedhas
Gozag
Makhleb
Qazlal
Vehumet
Wu Jian
Yredelemnul

Shops:
D:4 =   D:6 [

Annotations:
D:3 Spazmo's ghost, amateur DECj
D:7 Joseph; Prince Ribbit


Innate Abilities, Weirdness & Mutations

You are partially covered in yellow scales. (AC +2)
Your mind is acute. (Int +2)
Your muscles are strong. (Str +2)


Message History

The sentinel's mark upon you fades away.
Prince Ribbit hops awkwardly around.
Joseph hits you with an uncursed antimagic quarterstaff!
You feel your power leaking away.
Prince Ribbit blinks!
An orc wizard comes into view. It is wielding a dagger.
The orc wizard gestures wildly while chanting.
The orc wizard flickers and vanishes!
Deactivating autopickup; reactivate with Ctrl-A.
Okay, then.
Casting: Magic Dart
Confirm with . or Enter, or press ? or * to list all spells.
Aiming: Iskenderun's Mystic Blast
Press: ? - help, Shift-Dir - straight line, f - Joseph
Aim: Joseph, wielding an antimagic quarterstaff and wearing a ring mail (heavily wounded)
The orb of energy hits Joseph.
Joseph is severely wounded.
The orb of energy explodes!
Joseph hits you with an uncursed antimagic quarterstaff!
You die...

##...## ## #.#
##'## #.# #.#
#o######.########
#.##............#
#5##.##....####.#
#F##.#.....#
#@##.##.......
#.@......#..##
####.##..#..#
#.##.......
#.#####.### #.. #
###


You could see Joseph, Prince Ribbit, a shadow imp and an orc.

Vanquished Creatures
  Grinder (D:6)
  2 ice beasts (D:6)
  An ogre (D:4)
  3 centaurs
  A gnoll sergeant (D:5)
  A water moccasin skeleton (D:6)
  A hound (D:6)
  2 orc wizards (D:5)
  Natasha (D:3)
  2 iguanas
  6 worker ants
  A killer bee zombie (D:6)
  2 hound zombies (D:6)
  2 worker ant zombies
  10 gnolls
  8 adders
  A shadow imp (D:7)
  An ooze (D:1)
  2 adder skeletons
  2 worms
  4 dart slugs
  6 leopard geckos
  10 orcs
  A ball python (D:1)
  7 giant cockroaches
  7 hobgoblins
  4 jackals (D:1)
  12 kobolds
  2 quokkas
  A ball python skeleton (D:4)
  14 bats
  4 frilled lizards
  3 goblins
  A leopard gecko skeleton (D:5)
  28 rats
154 creatures vanquished.

Notes
Turn   | Place    | Note
-------+----------+-------------------------------------------
     0 | D:1      | Spazmo the Deep Elf Conjurer began the quest for the Orb.
     0 | D:1      | Reached XP level 1. HP: 10/10 MP: 6/6
   184 | D:1      | Reached XP level 2. HP: 12/15 MP: 3/8
   188 | D:1      | Learned a level 2 spell: Searing Ray
   318 | D:1      | Reached skill level 4 in Spellcasting
   707 | D:1      | Reached XP level 3. HP: 19/19 MP: 7/10
  1046 | D:1      | Reached skill level 5 in Conjurations
  1269 | D:2      | Reached XP level 4. HP: 24/24 MP: 8/12
  1272 | D:2      | Reached skill level 5 in Spellcasting
  1893 | D:2      | Found an opulent altar of Gozag.
  1910 | D:2      | Found a burning altar of Makhleb.
  1958 | D:2      | Found an ornate altar of the Wu Jian Council.
  1978 | D:2      | Found a basalt altar of Yredelemnul.
  2109 | D:3      | Reached XP level 5. HP: 28/28 MP: 10/15
  2118 | D:3      | Learned a level 4 spell: Force Lance
  2123 | D:3      | Learned a level 4 spell: Iskenderun's Mystic Blast
  2392 | D:3      | Noticed Natasha
  2396 | D:3      | Killed Natasha
  2396 | D:3      | Reached skill level 6 in Spellcasting
  2412 | D:3      | Noticed Spazmo's ghost (amateur DECj)
  2543 | D:3      | Gained mutation: Your mind is acute. (Int +2) [potion of mutation]
  2543 | D:3      | Gained mutation: Your muscles are strong. (Str +2) [potion of mutation]
  2543 | D:3      | Gained mutation: You are partially covered in yellow scales. (AC +2) [potion of mutation]
  2865 | D:4      | Found Ciuzoeh's Jewellery Shop.
  3071 | D:4      | Reached XP level 6. HP: 32/32 MP: 17/17
  3154 | D:4      | Reached skill level 7 in Spellcasting
  3266 | D:5      | Entered Level 5 of the Dungeon
  3544 | D:5      | Reached XP level 7. HP: 36/36 MP: 20/20
  3629 | D:5      | Reached skill level 8 in Spellcasting
  4031 | D:6      | Reached skill level 9 in Spellcasting
  4214 | D:6      | Found Tydi's Antique Armour Boutique.
  4245 | D:6      | Reached XP level 8. HP: 41/41 MP: 23/23
  4355 | D:6      | Found a staircase to the Ecumenical Temple.
  4369 | Temple   | Entered the Ecumenical Temple
  4408 | Temple   | Became a worshipper of Vehumet
  4457 | D:6      | Noticed Grinder
  4465 | D:6      | Killed Grinder
  4465 | D:6      | Reached skill level 10 in Spellcasting
  4604 | D:7      | Got a fine trident
  4605 | D:7      | Identified the +8 trident of Execution {pierce, MR+++} (You found it on level 7 of the Dungeon)
  4823 | D:7      | Noticed Joseph
  4830 | D:7      | Noticed Prince Ribbit
  4839 | D:7      | Slain by Joseph

Vault maps used:
D:1:      scummos_arrival_hexagon, columned_hall_lemuel
D:2:      nicolae_overflow_quartered_altars, minmay_cut_off
D:3:      first_bread, minmay_rat_hole, uniq_natasha
D:4:      serial_shops, nicolae_shop_crystal
D:6:      minmay_temple_entry_trees, serial_shops, shop, uniq_prince_ribbit1,
          uniq_grinder
D:7:      uniq_joseph
Temple:   dpeg_chambers_temple

Skill      XL: |  1  2  3  4  5  6  7  8 |
---------------+-------------------------+-----
Spellcasting   | 4 5 6 7 9 10 | 10.2
Conjurations   | 5 6 7 8 9 |  9.4
Dodging        | |  2.4
Stealth        | |  2.4

Action                   |  1- 3 |  4- 6 |  7- 9 || total
-------------------------+-------+-------+-------++-------
Melee: Dagger            |    14 |     7 |       ||    21
       Trident           |       |       |    16 ||    16
 Cast: Magic Dart        |    80 |   140 |    77 ||   297
       Searing Ray       |       |    12 |    16 ||    28
       Iskenderun's Myst |       |       |     1 ||     1
       Force Lance       |       |       |     1 ||     1
  Use: Scroll            |     3 |     4 |     1 ||     8
       Potion            |       |     2 |     1 ||     3
  Eat: Chunk             |     1 |     7 |     4 ||    12
Armor: Robe              |     6 |     3 |    10 ||    19
Dodge: Dodged            |    22 |    23 |    26 ||    71
Block: Buckler           |       |       |     3 ||     3
